| TOP OF THE 1ST |
|
Cincinnati Reds batting - Pitching for Philadelphia Phillies : LHP Phuck II
|
|
Pitching: LHP Phuck II
|
|
|
Batting: RHB Willie Lazcano
|
0-0: Ground out 6-3 (Groundball, 6, EV 92.5 MPH)
|
|
Batting: SHB Tony Prado
|
0-0: Foul Ball, location: 2F 0-1: Foul Ball, location: 2F 0-2: Ball 1-2: Strikes out looking
|
|
Batting: SHB Jun Tsuda
|
0-0: Ball 1-0: Ground out 6-3 (Groundball, 6, EV 92.5 MPH)
|
| Top of the 1st over - 0 runs, 0 hits, 0 errors, 0 left on base; Cincinnati 0 - Philadelphia 0 |
| BOTTOM OF THE 1ST |
|
Philadelphia Phillies batting - Pitching for Cincinnati Reds : LHP Marco Berrios
|
|
Pitching: LHP Marco Berrios
|
|
|
Batting: SHB Lance Franklin
|
0-0: Ball 1-0: Ball 2-0: Fly out, F8 (Line Drive, 89S, EV 85.0 MPH)
|
|
Batting: RHB Quintin Parker
|
0-0: Called Strike 0-1: Called Strike 0-2: Ball 1-2: SINGLE (Groundball, 34D, EV 106.2 MPH)
|
|
Batting: LHB Osamu Kubo
|
0-0: Ball 1-0: Foul Ball, location: 2F 1-1: Swinging Strike 1-2: Ball 2-2: Foul Ball, location: 2F 2-2: Grounds into double play, 6-4-3 (Groundball, 6M, EV 77.5 MPH)
|
| Bottom of the 1st over - 0 runs, 1 hit, 0 errors, 0 left on base; Cincinnati 0 - Philadelphia 0 |
| TOP OF THE 2ND |
|
Cincinnati Reds batting - Pitching for Philadelphia Phillies : LHP Phuck II
|
|
Batting: LHB Chris Grunwald
|
0-0: Ground out U3 (Groundball, 3S, EV 69.4 MPH)
|
|
Batting: SHB Dave Barefoot
|
0-0: Foul Ball, location: 2F 0-1: Swinging Strike 0-2: Fly out, F7 (Flyball, 7, EV 86.9 MPH)
|
|
Batting: RHB Steve Castleberry
|
0-0: Ball 1-0: SINGLE (Groundball, 56, EV 96.2 MPH) (infield hit)
|
|
Batting: LHB Jon Ledesma
|
0-0: Swinging Strike 0-1: Ball 1-1: Ground out 1-3 (Groundball, 34S, EV 72.5 MPH)
|
| Top of the 2nd over - 0 runs, 1 hit, 0 errors, 1 left on base; Cincinnati 0 - Philadelphia 0 |
| BOTTOM OF THE 2ND |
|
Philadelphia Phillies batting - Pitching for Cincinnati Reds : LHP Marco Berrios
|
|
Batting: RHB Josh Hensley
|
0-0: Ball 1-0: Ball 2-0: Swinging Strike 2-1: Ground out 6-3 (Groundball, 6, EV 98.1 MPH)
|
|
Batting: LHB Ryan Trombley
|
0-0: Ball 1-0: Called Strike 1-1: Ball 2-1: Foul Ball, location: 2F 2-2: Ball 3-2: Base on Balls
|
|
Batting: LHB Brad Turner
|
0-0: Fly out, F8 (Flyball, 8RM, EV 83.1 MPH)
|
|
Batting: LHB Cody Schumacher
|
0-0: Called Strike 0-1: Foul Ball, location: 2F 0-2: Foul Ball, location: 2F 0-2: Ball 1-2: DOUBLE (Groundball, 5L, EV 101.2 MPH) Ryan Trombley to third
|
|
Batting: LHB Mike Davis
|
0-0: Called Strike 0-1: SINGLE (Groundball, 4M, EV 94.4 MPH) Ryan Trombley scores Cody Schumacher to third Runner from 3rd tries for Home, SAFE, throw by CF to home
|
|
Batting: LHB Nick Canizales
|
0-0: Ball Mike Davis is caught stealing 2nd base 2-6
|
| Bottom of the 2nd over - 2 runs, 2 hits, 0 errors, 0 left on base; Cincinnati 0 - Philadelphia 2 |
| TOP OF THE 3RD |
|
Cincinnati Reds batting - Pitching for Philadelphia Phillies : LHP Phuck II
|
|
Batting: RHB Joseph Kirchmann
|
0-0: Swinging Strike 0-1: Ball 1-1: Swinging Strike 1-2: Ball 2-2: Ball 3-2: Foul Ball, location: 2F 3-2: Strikes out swinging
|
|
Batting: RHB Omar Quintana
|
0-0: Called Strike 0-1: Ball 1-1: Ball 2-1: Ball 3-1: Foul Ball, location: 2F 3-2: Strikes out swinging
|
|
Batting: RHB Willie Lazcano
|
0-0: Foul Ball, location: 2F 0-1: Ball 1-1: Swinging Strike 1-2: Foul Ball, location: 2F 1-2: Strikes out looking
|
| Top of the 3rd over - 0 runs, 0 hits, 0 errors, 0 left on base; Cincinnati 0 - Philadelphia 2 |
| BOTTOM OF THE 3RD |
|
Philadelphia Phillies batting - Pitching for Cincinnati Reds : LHP Marco Berrios
|
|
Batting: LHB Nick Canizales
|
0-0: Called Strike 0-1: Ball 1-1: Foul Ball, location: 2F 1-2: Foul Ball, location: 2F 1-2: Strikes out looking
|
|
Batting: SHB Lance Franklin
|
0-0: Ball 1-0: Foul Ball, location: 2F 1-1: Ground out 5-3 (Groundball, 56, EV 83.8 MPH)
|
|
Batting: RHB Quintin Parker
|
0-0: Ball 1-0: Ball 2-0: Fly out, F9 (Line Drive, 9S, EV 99.4 MPH)
|
| Bottom of the 3rd over - 0 runs, 0 hits, 0 errors, 0 left on base; Cincinnati 0 - Philadelphia 2 |
| TOP OF THE 4TH |
|
Cincinnati Reds batting - Pitching for Philadelphia Phillies : LHP Phuck II
|
|
Batting: SHB Tony Prado
|
0-0: Ball 1-0: Foul Ball, location: 2F 1-1: Foul Ball, location: 2F 1-2: Ball 2-2: Foul Ball, location: 2F 2-2: Ground out 6-3 (Groundball, 6, EV 83.8 MPH)
|
|
Batting: SHB Jun Tsuda
|
0-0: Foul Ball, location: 2F 0-1: Ball 1-1: Fly out, F8 (Flyball, 8RXD, EV 106.2 MPH)
|
|
Batting: LHB Chris Grunwald
|
0-0: Called Strike 0-1: Ball 1-1: Foul Ball, location: 2F 1-2: Foul Ball, location: 2F 1-2: Strikes out swinging
|
| Top of the 4th over - 0 runs, 0 hits, 0 errors, 0 left on base; Cincinnati 0 - Philadelphia 2 |
| BOTTOM OF THE 4TH |
|
Philadelphia Phillies batting - Pitching for Cincinnati Reds : LHP Marco Berrios
|
|
Batting: LHB Osamu Kubo
|
0-0: Foul Ball, location: 2F 0-1: Swinging Strike 0-2: Ball 1-2: Ball 2-2: Ball 3-2: Strikes out looking
|
|
Batting: RHB Josh Hensley
|
0-0: Ground out 5-3 (Groundball, 56S, EV 71.9 MPH)
|
|
Batting: LHB Ryan Trombley
|
0-0: Foul Ball, location: 2F 0-1: Called Strike 0-2: Ball 1-2: Strikes out swinging
|
| Bottom of the 4th over - 0 runs, 0 hits, 0 errors, 0 left on base; Cincinnati 0 - Philadelphia 2 |
| TOP OF THE 5TH |
|
Cincinnati Reds batting - Pitching for Philadelphia Phillies : LHP Phuck II
|
|
Batting: SHB Dave Barefoot
|
0-0: Called Strike 0-1: Foul Ball, location: 2F 0-2: Hit by Pitch
|
|
Batting: RHB Steve Castleberry
|
0-0: Bunted foul 0-1: Ball 1-1: Bunted foul 1-2: Ball 2-2: Foul Ball, location: 2F 2-2: Strikes out swinging
|
|
Batting: LHB Jon Ledesma
|
0-0: Ball Dave Barefoot is caught stealing 2nd base 2-6 1-0: Called Strike 1-1: SINGLE (Groundball, 56, EV 100.0 MPH)
|
|
Batting: RHB Joseph Kirchmann
|
0-0: Called Strike Jon Ledesma steals 2nd base 0-1: Foul Ball, location: 2F 0-2: Strikes out swinging
|
| Top of the 5th over - 0 runs, 1 hit, 0 errors, 1 left on base; Cincinnati 0 - Philadelphia 2 |
| BOTTOM OF THE 5TH |
|
Philadelphia Phillies batting - Pitching for Cincinnati Reds : LHP Marco Berrios
|
|
Batting: LHB Brad Turner
|
0-0: SINGLE (Flyball, 8LS, EV 89.4 MPH)
|
|
Batting: LHB Cody Schumacher
|
0-0: Foul Ball, location: 2F 0-1: Fly out, F4 (Line Drive, 34D, EV 70.6 MPH)
|
|
Batting: LHB Mike Davis
|
0-0: Called Strike 0-1: Called Strike 0-2: Ball 1-2: Ball 2-2: Ball 3-2: Grounds into double play, 6-4-3 (Groundball, 6, EV 85.0 MPH)
|
| Bottom of the 5th over - 0 runs, 1 hit, 0 errors, 0 left on base; Cincinnati 0 - Philadelphia 2 |
| TOP OF THE 6TH |
|
Cincinnati Reds batting - Pitching for Philadelphia Phillies : LHP Phuck II
|
|
Batting: RHB Omar Quintana
|
0-0: Ball 1-0: Called Strike 1-1: Swinging Strike 1-2: Ball 2-2: Foul Ball, location: 2F 2-2: Strikes out swinging
|
|
Batting: RHB Willie Lazcano
|
0-0: Called Strike 0-1: Ball 1-1: Ball 2-1: Swinging Strike 2-2: Strikes out swinging
|
|
Batting: SHB Tony Prado
|
0-0: Fly out, F4 (Line Drive, 4M, EV 60.0 MPH)
|
| Top of the 6th over - 0 runs, 0 hits, 0 errors, 0 left on base; Cincinnati 0 - Philadelphia 2 |
| BOTTOM OF THE 6TH |
|
Philadelphia Phillies batting - Pitching for Cincinnati Reds : LHP Marco Berrios
|
|
Batting: LHB Nick Canizales
|
0-0: Ball 1-0: Swinging Strike 1-1: Ground out 6-3 (Groundball, 6M, EV 98.8 MPH)
|
|
Batting: SHB Lance Franklin
|
0-0: Called Strike 0-1: Ball 1-1: Ball 2-1: Ball 3-1: Foul Ball, location: 2F 3-2: DOUBLE (Line Drive, 89D, EV 101.9 MPH)
|
|
Batting: RHB Quintin Parker
|
0-0: Intentional Walk
|
|
Batting: LHB Osamu Kubo
|
0-0: Ball 1-0: Called Strike 1-1: Ball 2-1: Foul Ball, location: 2F 2-2: Strikes out swinging
|
|
Batting: RHB Josh Hensley
|
0-0: 3-RUN HOME RUN (Flyball, 9D, EV 100.6 MPH), Distance : 373 ft
|
|
Pitching: RHP Matt Flink
|
|
|
Batting: LHB Ryan Trombley
|
0-0: Ball 1-0: Fly out, F8 (Flyball, 8RM, EV 95.6 MPH)
|
| Bottom of the 6th over - 3 runs, 2 hits, 0 errors, 0 left on base; Cincinnati 0 - Philadelphia 5 |
| TOP OF THE 7TH |
|
Cincinnati Reds batting - Pitching for Philadelphia Phillies : LHP Phuck II
|
|
Batting: SHB Jun Tsuda
|
0-0: Ball 1-0: Called Strike 1-1: Ball 2-1: TRIPLE (Line Drive, 89XD, EV 100.0 MPH)
|
|
Batting: LHB Chris Grunwald
|
0-0: Foul Ball, location: 2F 0-1: Called Strike 0-2: Fly out, F6 (Popup, P, EV 71.2 MPH)
|
|
Batting: SHB Dave Barefoot
|
0-0: Called Strike 0-1: Called Strike 0-2: Ball 1-2: Strikes out looking
|
|
Batting: RHB Steve Castleberry
|
0-0: Ball 1-0: Ball 2-0: Fly out, F7 (Line Drive, 7D, EV 110.6 MPH)
|
| Top of the 7th over - 0 runs, 1 hit, 0 errors, 1 left on base; Cincinnati 0 - Philadelphia 5 |
| BOTTOM OF THE 7TH |
|
Philadelphia Phillies batting - Pitching for Cincinnati Reds : RHP Matt Flink
|
|
Batting: LHB Brad Turner
|
0-0: Ball 1-0: Fly out, F8 (Line Drive, 8RM, EV 99.4 MPH)
|
|
Batting: LHB Cody Schumacher
|
0-0: Foul Ball, location: 2F 0-1: Foul Ball, location: 2F 0-2: Foul Ball, location: 2F 0-2: Ball 1-2: Ball 2-2: Strikes out looking
|
|
Batting: LHB Mike Davis
|
0-0: Called Strike 0-1: Ball 1-1: Swinging Strike 1-2: Strikes out looking
|
| Bottom of the 7th over - 0 runs, 0 hits, 0 errors, 0 left on base; Cincinnati 0 - Philadelphia 5 |
| TOP OF THE 8TH |
|
Cincinnati Reds batting - Pitching for Philadelphia Phillies : LHP Phuck II
|
|
Batting: LHB Jon Ledesma
|
0-0: Called Strike 0-1: Called Strike 0-2: SINGLE (Groundball, 4M, EV 106.9 MPH) (infield hit)
|
|
Batting: RHB Joseph Kirchmann
|
0-0: Ball 1-0: Swinging Strike 1-1: SINGLE (Groundball, 6M, EV 101.9 MPH) (infield hit) Jon Ledesma to second
|
|
Batting: RHB Omar Quintana
|
0-0: Ball 1-0: Fly out, F9 (Flyball, 9S, EV 86.9 MPH)
|
|
Batting: RHB Willie Lazcano
|
0-0: Ball 1-0: Called Strike 1-1: Foul Ball, location: 2F 1-2: Ball 2-2: Ball 3-2: Fly out, F6 (Flyball, 56D, EV 83.1 MPH)
|
|
Batting: SHB Tony Prado
|
0-0: Swinging Strike 0-1: Foul Ball, location: 2F 0-2: Foul Ball, location: 2F 0-2: SINGLE (Groundball, 5D, EV 98.1 MPH) Jon Ledesma to third Joseph Kirchmann to second Runner from 3rd tries for Home, SAFE, throw by LF to home
|
|
Pitching: RHP Josh Cornishen
|
|
|
Batting: SHB Jun Tsuda
|
0-0: Fielders Choice at 2nd, 6-4 (Groundball, 6, EV 83.1 MPH)
|
| Top of the 8th over - 1 run, 3 hits, 0 errors, 2 left on base; Cincinnati 1 - Philadelphia 5 |
| BOTTOM OF THE 8TH |
|
Philadelphia Phillies batting - Pitching for Cincinnati Reds : RHP Matt Flink
|
|
Batting: LHB Nick Canizales
|
0-0: Swinging Strike 0-1: Swinging Strike 0-2: Ball 1-2: DOUBLE (Line Drive, 78D, EV 90.0 MPH)
|
|
Batting: SHB Lance Franklin
|
0-0: Ball 1-0: Called Strike 1-1: Swinging Strike 1-2: Strikes out swinging
|
|
Batting: RHB Quintin Parker
|
0-0: Ball 1-0: Ground out 5-3 (Groundball, 56S, EV 88.8 MPH)
|
|
Batting: LHB Osamu Kubo
|
0-0: Foul Ball, location: 2F 0-1: Swinging Strike 0-2: SINGLE (Groundball, 34D, EV 98.8 MPH) Nick Canizales to third
|
|
Batting: RHB Josh Hensley
|
0-0: Fielders Choice at 2nd, 5-4 (Groundball, 56, EV 88.1 MPH)
|
| Bottom of the 8th over - 0 runs, 2 hits, 0 errors, 2 left on base; Cincinnati 1 - Philadelphia 5 |
| TOP OF THE 9TH |
|
Cincinnati Reds batting - Pitching for Philadelphia Phillies : RHP Josh Cornishen
|
|
Batting: LHB Chris Grunwald
|
0-0: Called Strike 0-1: Ball 1-1: Swinging Strike 1-2: Strikes out swinging
|
|
Batting: SHB Dave Barefoot
|
0-0: Ball 1-0: Swinging Strike 1-1: Ball 2-1: Ground out 4-3 (Groundball, 4, EV 86.2 MPH)
|
|
Batting: RHB Steve Castleberry
|
0-0: SINGLE (Groundball, 56S, EV 73.8 MPH) (infield hit)
|
|
Batting: LHB Jon Ledesma
|
0-0: Swinging Strike 0-1: Ball 1-1: Swinging Strike 1-2: Ball 2-2: Foul Ball, location: 2F 2-2: Strikes out swinging
|
| Top of the 9th over - 0 runs, 1 hit, 0 errors, 1 left on base; Cincinnati 1 - Philadelphia 5 |
|